[ AOE2 MATCH · #477766506 ]
UnrankedVietnamese vs Mongols
[ REPLAY ANALYSIS · EXTRACTED FROM THE RECORDED GAME ]
Feudal
12:19
Castle
15:55
Imperial
29:33
| APM avg | 44.7 |
| APM peak | 166 |
| eAPM avg | 19.2 |
| Villagers / military | 157 / 227 |
Focus
⚔️ 31.6% · 🌾 68.4%
Scout Cavalry ×111 · Battle Elephant ×89 · Trade Cart ×29 · Bombard Cannon ×16 · Fishing Ship ×13 · Rattan Archer ×5
Feudal
12:57
Castle
19:24
Imperial
31:47
| APM avg | 31.0 |
| APM peak | 80 |
| eAPM avg | 17.8 |
| Villagers / military | 111 / 184 |
Focus
⚔️ 34.4% · 🌾 65.6%
Mangudai ×155 · Mangonel ×25 · Fishing Ship ×24 · Trebuchet (Packed) ×3 · Monk ×1
Feudal
13:31
Castle
19:41
Imperial
33:13
| APM avg | 43.4 |
| APM peak | 83 |
| eAPM avg | 28.4 |
| Villagers / military | 157 / 246 |
Focus
⚔️ 29.8% · 🌾 70.2%
Skirmisher ×194 · Bombard Cannon ×30 · Fishing Ship ×21 · Trade Cart ×17 · Spearman ×15 · Petard ×3
Feudal
14:53
Castle
18:34
Imperial
34:12
| APM avg | 28.2 |
| APM peak | 63 |
| eAPM avg | 19.6 |
| Villagers / military | 134 / 162 |
Focus
⚔️ 35.2% · 🌾 64.8%
Knight ×96 · Cavalry Archer ×62 · Fishing Ship ×23 · Trebuchet (Packed) ×4
Feudal
11:58
Castle
16:44
Imperial
21:48
| APM avg | 53.1 |
| APM peak | 114 |
| eAPM avg | 26.3 |
| Villagers / military | 83 / 95 |
Focus
⚔️ 24.6% · 🌾 75.4%
Janissary ×76 · Bombard Cannon ×18 · Monk ×1
Feudal
12:05
Castle
15:36
Imperial
29:58
| APM avg | 31.2 |
| APM peak | 76 |
| eAPM avg | 20.8 |
| Villagers / military | 129 / 359 |
Focus
⚔️ 42.8% · 🌾 57.2%
Scout Cavalry ×232 · Knight ×112 · Fishing Ship ×21 · Mangonel ×6 · Battering Ram ×4 · Trebuchet (Packed) ×3
Feudal
16:13
Castle
20:08
Imperial
36:40
| APM avg | 26.2 |
| APM peak | 91 |
| eAPM avg | 17.0 |
| Villagers / military | 162 / 300 |
Focus
⚔️ 30.2% · 🌾 69.8%
Spearman ×257 · Scout Cavalry ×40 · Bombard Cannon ×2 · Mangonel ×1
Feudal
11:38
Castle
18:53
Imperial
39:31
| APM avg | 40.1 |
| APM peak | 80 |
| eAPM avg | 29.9 |
| Villagers / military | 153 / 182 |
Focus
⚔️ 33.7% · 🌾 66.3%
Spearman ×114 · Skirmisher ×59 · Trade Cart ×23 · Monk ×6 · Fishing Ship ×5 · Mangonel ×1
Match map
Initial resources + every placement click. Lines = walls · curves = elevation contours. ◆ gold · ⬟ stone · ● berries · ✦ relic · ◌ wall gap
Your base· ✓ Closed at 15:55 · 1t walls · no gate
Laljia's base· ✓ Closed at 19:24 · 0t walls · no gate
Sein's base· ✓ Closed at 19:41 · 47t walls · no gate
Get Sum's base· ✓ Closed at 18:34 · 34t walls · 1 gate(s)
Allison's base· ✓ Closed at 16:44 · 37t walls · no gate
Kou_Bs's base· ✓ Closed at 15:36 · 0t walls · no gate
pokka86's base· ✓ Closed at 20:08 · 80t walls · no gate
boris8298's base· ✓ Closed at 18:53 · 27t walls · no gate
Smoothed initial terrain · ◌ = detected wall gap · hover for details
Inputs per minute
— SKYRIM - - Laljia
Build order — SKYRIM
First 150 of 381 actions detected
| 0:01 | Create | Villager (Male) ×4 |
| 0:05 | Build | House |
| 0:08 | Build | House |
| 1:30 | Build | Palisade Wall |
| 1:56 | Build | Lumber Camp |
| 1:58 | Create | Villager (Male) |
| 1:58 | Create | Villager (Male) |
| 2:01 | Create | Villager (Male) |
| 2:23 | Create | Villager (Male) |
| 2:23 | Create | Villager (Male) |
| 3:54 | Create | Villager (Male) |
| 3:55 | Create | Villager (Male) |
| 3:55 | Create | Villager (Male) |
| 3:56 | Create | Villager (Male) |
| 3:56 | Create | Villager (Male) |
| 4:22 | Create | Villager (Male) |
| 5:07 | Create | Villager (Male) |
| 5:23 | Create | Villager (Male) |
| 5:23 | Create | Villager (Male) |
| 5:34 | Build | Dock |
| 5:39 | Build | House |
| 6:11 | Create | Villager (Male) |
| 6:45 | Create | Villager (Male) |
| 6:46 | Create | Villager (Male) |
| 6:46 | Create | Villager (Male) |
| 6:46 | Create | Villager (Male) |
| 6:48 | Create | Fishing Ship |
| 7:32 | Create | Villager (Male) |
| 7:37 | Build | Mill |
| 7:46 | Build | House |
| 7:51 | Build | House |
| 7:59 | Create | Villager (Male) |
| 8:37 | Create | Fishing Ship |
| 9:01 | Create | Villager (Male) |
| 9:12 | Build | Mining Camp |
| 9:54 | Research | Feudal Age |
| 11:47 | Create | Villager (Male) |
| 11:47 | Create | Villager (Male) |
| 12:07 | Create | Fishing Ship |
| 12:08 | Create | Fishing Ship |
| 12:19 | Age | Feudal Age |
| 12:27 | Build | Market |
| 12:30 | Build | Blacksmith |
| 12:50 | Research | Double-Bit Axe |
| 13:15 | Research | Castle Age |
| 13:15 | Research | Castle Age |
| 13:55 | Create | Villager (Male) |
| 13:55 | Create | Villager (Male) |
| 14:39 | Build | Fish Trap |
| 15:55 | Age | Castle Age |
| 15:56 | Build | Town Center |
| 16:01 | Build | House |
| 16:05 | Build | House |
| 16:30 | Build | Town Center |
| 16:33 | Research | Bow Saw |
| 16:39 | Build | Fish Trap |
| 16:43 | Build | Fish Trap |
| 16:48 | Create | Villager (Male) ×5 |
| 17:12 | Build | Fish Trap |
| 17:25 | Create | Fishing Ship |
| 17:26 | Create | Villager (Male) ×5 |
| 17:27 | Create | Villager (Male) |
| 17:42 | Research | Horse Collar |
| 17:53 | Create | Fishing Ship |
| 18:16 | Create | Villager (Male) |
| 18:16 | Create | Villager (Male) |
| 18:17 | Create | Villager (Male) |
| 18:24 | Build | Farm |
| 18:25 | Build | Farm |
| 18:27 | Build | Farm |
| 18:29 | Create | Villager (Male) ×3 |
| 18:36 | Build | House |
| 18:37 | Build | House |
| 18:44 | Build | Fish Trap |
| 18:48 | Build | Fish Trap |
| 18:50 | Create | Fishing Ship |
| 18:50 | Create | Fishing Ship |
| 18:52 | Create | Villager (Male) |
| 19:04 | Build | Farm |
| 19:10 | Create | Villager (Male) |
| 19:14 | Build | House |
| 19:22 | Build | Farm |
| 19:29 | Create | Villager (Male) ×3 |
| 19:41 | Create | Villager (Male) |
| 19:45 | Build | Farm |
| 19:47 | Create | Villager (Male) |
| 19:51 | Build | Fish Trap |
| 19:53 | Create | Fishing Ship |
| 19:58 | Build | Farm |
| 19:59 | Build | Farm |
| 20:01 | Build | Farm |
| 20:03 | Build | Farm |
| 20:14 | Create | Villager (Male) |
| 20:19 | Build | House |
| 20:25 | Build | House |
| 20:27 | Build | House |
| 20:28 | Create | Villager (Male) ×2 |
| 20:31 | Build | Fish Trap |
| 20:34 | Research | Tech 906 |
| 20:36 | Create | Villager (Male) |
| 21:00 | Build | Fish Trap |
| 21:02 | Create | Fishing Ship |
| 21:02 | Create | Fishing Ship |
| 21:06 | Research | Heavy Plow |
| 21:09 | Research | Loom |
| 21:13 | Build | Lumber Camp |
| 21:16 | Build | Farm |
| 21:18 | Build | Farm |
| 21:20 | Build | Farm |
| 21:24 | Create | Villager (Male) |
| 21:30 | Build | Monastery |
| 21:33 | Build | House |
| 21:37 | Build | House |
| 21:42 | Create | Villager (Male) ×3 |
| 21:49 | Build | House |
| 21:50 | Build | House |
| 21:51 | Build | House |
| 21:51 | Build | House |
| 22:05 | Build | Fish Trap |
| 22:06 | Create | Fishing Ship |
| 22:07 | Create | Villager (Male) ×3 |
| 22:10 | Create | Villager (Male) |
| 22:12 | Build | Farm |
| 22:13 | Build | Farm |
| 22:15 | Build | Farm |
| 22:16 | Build | Farm |
| 22:18 | Create | Villager (Male) ×2 |
| 22:24 | Build | House |
| 22:25 | Create | Monk |
| 22:29 | Create | Villager (Male) ×3 |
| 22:37 | Build | Fish Trap |
| 22:41 | Create | Fishing Ship |
| 22:42 | Create | Villager (Male) ×2 |
| 22:44 | Build | Farm |
| 22:51 | Build | Farm |
| 22:52 | Build | Farm |
| 22:52 | Build | Farm |
| 22:52 | Build | Farm |
| 22:53 | Build | Farm |
| 22:54 | Create | Villager (Male) |
| 22:59 | Build | House |
| 23:00 | Build | House |
| 23:04 | Create | Villager (Male) |
| 23:07 | Build | House |
| 23:14 | Create | Villager (Male) ×3 |
| 23:17 | Build | Farm |
| 23:32 | Create | Villager (Male) ×3 |
| 23:38 | Build | Fish Trap |
| 23:43 | Create | Villager (Male) ×2 |
| 23:48 | Build | Fish Trap |
Build order — Laljia
First 150 of 293 actions detected
| 0:02 | Create | Villager (Male) ×4 |
| 0:03 | Build | House |
| 0:04 | Build | House |
| 1:31 | Create | Villager (Male) |
| 1:53 | Build | Lumber Camp |
| 2:00 | Create | Villager (Male) |
| 2:24 | Create | Villager (Male) |
| 2:55 | Create | Villager (Male) |
| 3:23 | Create | Villager (Male) |
| 3:45 | Create | Villager (Male) |
| 4:03 | Create | Villager (Male) |
| 4:36 | Create | Villager (Male) |
| 4:54 | Build | Dock |
| 5:05 | Create | Villager (Male) ×3 |
| 5:10 | Build | House |
| 5:43 | Create | Villager (Male) |
| 5:43 | Create | Villager (Male) |
| 5:45 | Create | Fishing Ship |
| 6:15 | Build | House |
| 6:34 | Create | Fishing Ship |
| 6:42 | Create | Villager (Male) ×3 |
| 7:32 | Create | Fishing Ship |
| 8:03 | Create | Fishing Ship |
| 8:06 | Build | House |
| 8:28 | Create | Fishing Ship |
| 8:42 | Create | Villager (Male) |
| 8:42 | Create | Villager (Male) |
| 8:48 | Build | House |
| 9:40 | Create | Villager (Male) |
| 9:43 | Create | Fishing Ship |
| 9:50 | Build | Lumber Camp |
| 10:22 | Create | Villager (Male) |
| 10:25 | Research | Feudal Age |
| 10:55 | Build | Dock |
| 11:27 | Create | Villager (Male) |
| 11:27 | Create | Villager (Male) |
| 11:28 | Create | Villager (Male) |
| 11:28 | Create | Villager (Male) |
| 11:50 | Build | Mill |
| 12:18 | Build | Lumber Camp |
| 12:30 | Build | House |
| 12:32 | Build | House |
| 12:57 | Age | Feudal Age |
| 13:08 | Build | Market |
| 13:26 | Build | Blacksmith |
| 14:20 | Build | Fish Trap |
| 14:22 | Build | Fish Trap |
| 14:29 | Build | Mining Camp |
| 14:31 | Create | Villager (Male) |
| 14:32 | Create | Villager (Male) |
| 14:47 | Build | Fish Trap |
| 14:54 | Build | Fish Trap |
| 15:02 | Research | Double-Bit Axe |
| 15:14 | Build | Fish Trap |
| 15:25 | Create | Villager (Male) |
| 15:37 | Build | Fish Trap |
| 15:48 | Create | Fishing Ship |
| 15:51 | Create | Villager (Male) |
| 15:56 | Create | Fishing Ship |
| 16:17 | Create | Fishing Ship |
| 16:18 | Create | Fishing Ship |
| 16:19 | Create | Villager (Male) |
| 16:26 | Research | Castle Age |
| 16:37 | Build | Fish Trap |
| 16:42 | Build | Fish Trap |
| 17:15 | Build | Fish Trap |
| 17:22 | Build | Fish Trap |
| 17:49 | Create | Fishing Ship |
| 17:50 | Create | Fishing Ship |
| 17:50 | Create | Fishing Ship |
| 17:51 | Create | Fishing Ship |
| 17:54 | Build | House |
| 18:05 | Research | Tech 906 |
| 18:27 | Create | Villager (Male) |
| 18:28 | Create | Villager (Male) |
| 18:45 | Create | Fishing Ship |
| 18:46 | Create | Fishing Ship |
| 18:48 | Create | Fishing Ship |
| 18:49 | Create | Fishing Ship |
| 18:52 | Build | House |
| 18:53 | Build | House |
| 18:54 | Build | House |
| 18:55 | Build | House |
| 19:23 | Research | Gold Mining |
| 19:24 | Age | Castle Age |
| 19:27 | Build | Town Center |
| 19:40 | Build | Town Center |
| 19:57 | Build | Fish Trap |
| 20:03 | Build | Fish Trap |
| 20:15 | Build | Fish Trap |
| 20:33 | Create | Villager (Male) ×5 |
| 20:35 | Build | Lumber Camp |
| 20:55 | Build | Fish Trap |
| 20:57 | Build | Fish Trap |
| 21:03 | Create | Villager (Male) |
| 21:04 | Create | Villager (Male) ×5 |
| 21:07 | Research | Loom |
| 21:09 | Research | Wheelbarrow |
| 21:09 | Research | Town Watch |
| 21:13 | Build | Fish Trap |
| 21:23 | Build | Mining Camp |
| 21:26 | Create | Villager (Male) ×5 |
| 21:32 | Research | Bow Saw |
| 22:26 | Create | Villager (Male) ×5 |
| 22:35 | Build | Fish Trap |
| 22:52 | Build | Fish Trap |
| 22:54 | Build | Fish Trap |
| 22:58 | Research | Gillnets |
| 22:59 | Create | Fishing Ship ×5 |
| 23:08 | Build | Mining Camp |
| 23:11 | Research | Stone Mining |
| 23:12 | Research | Gold Shaft Mining |
| 23:15 | Create | Villager (Male) ×3 |
| 23:50 | Build | Mining Camp |
| 24:05 | Create | Fishing Ship |
| 24:08 | Create | Villager (Male) ×5 |
| 24:20 | Build | Mining Camp |
| 24:26 | Build | Lumber Camp |
| 24:29 | Build | House |
| 24:30 | Build | House |
| 24:31 | Build | House |
| 24:32 | Build | House |
| 24:33 | Build | House |
| 24:33 | Build | House |
| 24:36 | Build | House |
| 24:36 | Build | House |
| 24:37 | Build | House |
| 24:40 | Build | House |
| 24:42 | Build | House |
| 25:16 | Build | Fish Trap |
| 25:46 | Build | Fish Trap |
| 25:54 | Research | Hand Cart |
| 25:55 | Create | Villager (Male) ×5 |
| 25:57 | Research | Stone Shaft Mining |
| 25:58 | Build | Monastery |
| 26:02 | Build | University |
| 26:09 | Create | Villager (Male) ×4 |
| 26:16 | Build | House |
| 26:17 | Build | House |
| 26:19 | Build | House |
| 26:20 | Build | House |
| 26:21 | Build | House |
| 26:22 | Build | House |
| 26:23 | Build | House |
| 26:24 | Build | House |
| 26:25 | Build | House |
| 26:26 | Build | House |
| 26:27 | Build | House |
| 26:28 | Build | House |
| 26:29 | Build | House |
Build order — Sein
First 150 of 429 actions detected
| 0:01 | Create | Villager (Male) |
| 0:01 | Create | Villager (Male) |
| 0:02 | Create | Villager (Male) |
| 0:03 | Build | House |
| 0:05 | Build | House |
| 0:21 | Create | Villager (Male) |
| 0:21 | Create | Villager (Male) |
| 0:24 | Create | Villager (Male) |
| 0:36 | Build | Palisade Wall |
| 0:39 | Research | Loom |
| 0:39 | Research | Loom |
| 0:50 | Create | Villager (Male) |
| 0:57 | Build | Palisade Wall |
| 1:06 | Create | Villager (Male) |
| 1:07 | Create | Villager (Male) |
| 1:24 | Create | Villager (Male) |
| 2:10 | Create | Villager (Male) |
| 3:25 | Create | Villager (Male) |
| 3:58 | Build | Palisade Wall |
| 4:00 | Build | Palisade Wall |
| 4:02 | Create | Villager (Male) |
| 4:24 | Create | Villager (Male) |
| 4:24 | Create | Villager (Male) |
| 4:50 | Create | Villager (Male) |
| 5:08 | Create | Villager (Male) |
| 5:09 | Create | Villager (Male) |
| 5:30 | Build | Lumber Camp |
| 5:45 | Create | Villager (Male) |
| 5:52 | Build | House |
| 5:59 | Build | House |
| 6:07 | Create | Villager (Male) |
| 6:38 | Create | Villager (Male) |
| 6:38 | Create | Villager (Male) |
| 7:48 | Build | House |
| 8:01 | Create | Villager (Male) |
| 8:09 | Build | Palisade Wall |
| 8:11 | Build | Palisade Wall |
| 8:18 | Create | Villager (Male) |
| 8:31 | Create | Villager (Male) |
| 8:42 | Create | Villager (Male) |
| 9:35 | Create | Villager (Male) |
| 9:52 | Create | Villager (Male) |
| 10:12 | Build | Dock |
| 10:13 | Create | Villager (Male) |
| 10:18 | Build | House |
| 10:23 | Create | Villager (Male) |
| 10:34 | Create | Villager (Male) |
| 10:40 | Build | House |
| 10:44 | Create | Villager (Male) |
| 11:05 | Research | Feudal Age |
| 11:07 | Create | Fishing Ship |
| 11:14 | Build | House |
| 11:29 | Build | Mining Camp |
| 11:44 | Create | Fishing Ship |
| 11:49 | Build | House |
| 11:58 | Build | Palisade Wall |
| 12:28 | Build | Mining Camp |
| 12:36 | Build | House |
| 13:12 | Create | Villager (Male) |
| 13:21 | Build | Outpost |
| 13:31 | Age | Feudal Age |
| 13:31 | Build | Palisade Wall |
| 13:39 | Build | Blacksmith |
| 13:47 | Create | Villager (Male) |
| 14:18 | Create | Villager (Male) |
| 14:35 | Create | Villager (Male) |
| 15:03 | Build | Mill |
| 15:06 | Create | Villager (Male) |
| 15:14 | Create | Fishing Ship |
| 15:20 | Create | Villager (Male) |
| 15:55 | Build | Market |
| 16:04 | Create | Villager (Male) |
| 16:17 | Build | Stone Wall |
| 16:22 | Create | Villager (Male) |
| 16:27 | Create | Villager (Male) |
| 17:01 | Research | Castle Age |
| 17:01 | Research | Castle Age |
| 17:12 | Create | Fishing Ship |
| 17:21 | Build | Outpost |
| 17:46 | Build | Farm |
| 17:47 | Build | Farm |
| 17:49 | Research | Horse Collar |
| 18:16 | Research | Double-Bit Axe |
| 18:51 | Create | Villager (Male) |
| 19:02 | Create | Villager (Male) |
| 19:04 | Build | House |
| 19:05 | Build | House |
| 19:25 | Create | Fishing Ship |
| 19:41 | Age | Castle Age |
| 19:46 | Build | Castle |
| 19:53 | Create | Villager (Male) |
| 20:08 | Create | Villager (Male) |
| 20:21 | Build | Town Center |
| 20:51 | Build | Fish Trap |
| 20:57 | Create | Villager (Male) |
| 21:04 | Create | Villager (Male) |
| 21:34 | Build | Fish Trap |
| 21:35 | Create | Villager (Male) |
| 21:54 | Build | Fish Trap |
| 22:08 | Create | Villager (Male) |
| 22:11 | Create | Villager (Male) |
| 22:11 | Create | Villager (Male) |
| 22:11 | Create | Villager (Male) |
| 22:31 | Build | Fish Trap |
| 22:39 | Build | Fish Trap |
| 22:45 | Create | Villager (Male) |
| 22:45 | Create | Villager (Male) |
| 22:53 | Build | Farm |
| 22:57 | Build | Farm |
| 23:03 | Create | Villager (Male) |
| 23:15 | Build | Farm |
| 23:19 | Research | Wheelbarrow |
| 23:26 | Build | Farm |
| 23:47 | Create | Villager (Male) |
| 23:57 | Build | Town Center |
| 24:04 | Create | Villager (Male) |
| 24:16 | Create | Villager (Male) |
| 24:22 | Build | Monastery |
| 24:30 | Create | Fishing Ship |
| 24:37 | Research | Town Watch |
| 24:41 | Create | Villager (Male) |
| 24:43 | Build | Farm |
| 24:44 | Build | Farm |
| 24:46 | Create | Villager (Male) |
| 25:02 | Create | Monk |
| 25:09 | Create | Fishing Ship |
| 25:16 | Build | Fish Trap |
| 25:26 | Build | Lumber Camp |
| 25:31 | Create | Villager (Male) |
| 25:31 | Create | Villager (Male) |
| 25:31 | Create | Villager (Male) |
| 25:37 | Build | Fish Trap |
| 25:40 | Create | Villager (Male) |
| 25:48 | Create | Villager (Male) |
| 25:50 | Build | Dock |
| 25:58 | Create | Villager (Male) |
| 25:58 | Create | Villager (Male) |
| 26:01 | Create | Villager (Male) |
| 26:08 | Build | Farm |
| 26:10 | Create | Villager (Male) |
| 26:15 | Build | Siege Workshop |
| 26:31 | Build | Fish Trap |
| 26:36 | Research | Tech 906 |
| 26:37 | Create | Villager (Male) |
| 26:38 | Create | Villager (Male) |
| 26:40 | Build | Farm |
| 27:03 | Create | Villager (Male) |
| 27:03 | Create | Villager (Male) |
| 27:03 | Create | Villager (Male) |
| 27:06 | Build | Farm |
Build order — Get Sum
First 150 of 439 actions detected
| 0:01 | Create | Villager (Male) |
| 0:01 | Create | Villager (Male) |
| 0:02 | Create | Villager (Male) |
| 0:02 | Create | Villager (Male) |
| 0:03 | Build | House |
| 0:05 | Build | House |
| 0:09 | Research | Loom |
| 0:34 | Create | Villager (Male) |
| 0:44 | Create | Villager (Male) |
| 0:45 | Create | Villager (Male) |
| 1:06 | Build | Palisade Wall |
| 1:53 | Create | Villager (Male) |
| 1:53 | Create | Villager (Male) |
| 2:09 | Build | Palisade Wall |
| 2:34 | Create | Villager (Male) |
| 2:34 | Create | Villager (Male) |
| 3:12 | Create | Villager (Male) |
| 3:12 | Create | Villager (Male) |
| 3:25 | Build | Palisade Wall |
| 3:54 | Create | Villager (Male) |
| 3:55 | Create | Villager (Male) |
| 4:03 | Build | Lumber Camp |
| 4:37 | Create | Villager (Male) |
| 4:37 | Create | Villager (Male) |
| 4:56 | Create | Villager (Male) |
| 4:56 | Create | Villager (Male) |
| 5:17 | Create | Villager (Male) |
| 5:24 | Build | House |
| 5:30 | Build | House |
| 5:43 | Create | Villager (Male) |
| 5:56 | Create | Villager (Male) |
| 5:56 | Create | Villager (Male) |
| 6:24 | Create | Villager (Male) |
| 6:24 | Create | Villager (Male) |
| 6:24 | Create | Villager (Male) |
| 6:28 | Build | House |
| 7:03 | Create | Villager (Male) |
| 7:04 | Create | Villager (Male) |
| 7:10 | Build | House |
| 8:16 | Build | Outpost |
| 8:19 | Build | Outpost |
| 8:24 | Build | Palisade Wall |
| 8:26 | Build | Palisade Wall |
| 8:33 | Create | Villager (Male) |
| 8:34 | Create | Villager (Male) |
| 8:38 | Build | Palisade Wall |
| 8:40 | Build | Palisade Wall |
| 8:42 | Build | Palisade Wall |
| 8:48 | Create | Villager (Male) |
| 8:49 | Create | Villager (Male) |
| 8:49 | Create | Villager (Male) |
| 9:22 | Build | Lumber Camp |
| 9:37 | Create | Villager (Male) |
| 9:38 | Create | Villager (Male) |
| 9:38 | Create | Villager (Male) |
| 9:58 | Build | Dock |
| 10:28 | Create | Villager (Male) |
| 10:28 | Create | Villager (Male) |
| 10:41 | Create | Fishing Ship |
| 10:42 | Create | Fishing Ship |
| 10:54 | Build | Mill |
| 11:07 | Build | House |
| 11:10 | Build | House |
| 11:20 | Create | Villager (Male) |
| 11:41 | Build | Outpost |
| 11:44 | Build | Palisade Wall |
| 11:47 | Build | House |
| 11:49 | Create | Villager (Male) |
| 12:12 | Create | Villager (Male) |
| 12:22 | Build | Palisade Wall |
| 12:27 | Build | House |
| 12:29 | Research | Feudal Age |
| 12:55 | Build | Mining Camp |
| 13:21 | Create | Villager (Male) |
| 13:27 | Build | House |
| 13:29 | Build | House |
| 13:36 | Create | Fishing Ship |
| 13:36 | Create | Fishing Ship |
| 13:39 | Create | Fishing Ship |
| 14:01 | Build | Mill |
| 14:44 | Build | Palisade Wall |
| 14:47 | Build | Palisade Wall |
| 14:48 | Build | Palisade Gate |
| 14:53 | Age | Feudal Age |
| 14:57 | Build | Market |
| 14:59 | Build | Blacksmith |
| 15:26 | Create | Villager (Male) |
| 15:54 | Research | Castle Age |
| 16:28 | Build | House |
| 16:29 | Build | House |
| 16:33 | Research | Double-Bit Axe |
| 16:57 | Create | Fishing Ship |
| 16:58 | Create | Fishing Ship |
| 17:23 | Research | Horse Collar |
| 17:25 | Build | House |
| 17:28 | Build | House |
| 17:33 | Build | Palisade Wall |
| 17:35 | Build | Palisade Wall |
| 17:36 | Build | Palisade Wall |
| 18:13 | Create | Villager (Male) |
| 18:13 | Create | Villager (Male) |
| 18:34 | Age | Castle Age |
| 18:35 | Build | Dock |
| 18:48 | Build | Town Center |
| 19:07 | Build | Town Center |
| 19:18 | Create | Villager (Male) |
| 19:18 | Create | Villager (Male) |
| 19:30 | Create | Villager (Male) |
| 19:33 | Build | Fish Trap |
| 19:50 | Create | Villager (Male) |
| 19:50 | Create | Villager (Male) |
| 19:51 | Create | Villager (Male) |
| 19:54 | Research | Bow Saw |
| 20:17 | Create | Villager (Male) |
| 20:17 | Create | Villager (Male) |
| 20:34 | Create | Villager (Male) |
| 20:37 | Build | Fish Trap |
| 20:41 | Build | Fish Trap |
| 20:47 | Create | Villager (Male) |
| 20:52 | Build | Fish Trap |
| 20:57 | Build | Fish Trap |
| 21:02 | Create | Villager (Male) |
| 21:03 | Create | Villager (Male) |
| 21:03 | Create | Villager (Male) |
| 21:10 | Build | Fish Trap |
| 21:14 | Create | Fishing Ship |
| 21:15 | Create | Fishing Ship |
| 21:16 | Create | Villager (Male) |
| 21:17 | Create | Villager (Male) |
| 21:26 | Build | Lumber Camp |
| 21:59 | Create | Villager (Male) |
| 22:05 | Build | Farm |
| 22:06 | Build | Farm |
| 22:07 | Build | Farm |
| 22:09 | Build | Farm |
| 22:10 | Build | Farm |
| 22:12 | Build | Farm |
| 22:13 | Build | Farm |
| 22:15 | Build | Farm |
| 22:17 | Build | Farm |
| 22:20 | Build | Farm |
| 22:21 | Build | Farm |
| 22:24 | Build | Fish Trap |
| 22:27 | Build | Fish Trap |
| 22:30 | Create | Fishing Ship |
| 22:30 | Create | Fishing Ship |
| 22:35 | Create | Villager (Male) |
| 22:38 | Build | Farm |
| 22:40 | Build | Farm |
| 22:43 | Build | Farm |
Build order — Allison
First 150 of 298 actions detected
| 0:00 | Create | Villager (Male) |
| 0:01 | Create | Villager (Male) |
| 0:01 | Create | Villager (Male) |
| 0:01 | Create | Villager (Male) |
| 0:02 | Build | House |
| 0:04 | Build | House |
| 1:31 | Create | Villager (Male) |
| 1:31 | Create | Villager (Male) |
| 2:15 | Create | Villager (Male) |
| 2:32 | Create | Villager (Male) |
| 2:56 | Create | Villager (Male) |
| 3:17 | Build | Mill |
| 3:19 | Build | House |
| 3:25 | Create | Villager (Male) |
| 3:44 | Create | Villager (Male) |
| 4:16 | Create | Villager (Male) |
| 4:20 | Build | House |
| 4:48 | Create | Villager (Male) |
| 4:48 | Create | Villager (Male) |
| 4:49 | Create | Villager (Male) |
| 4:55 | Create | Villager (Male) |
| 5:40 | Create | Villager (Male) |
| 5:47 | Create | Villager (Male) |
| 6:21 | Create | Villager (Male) |
| 7:01 | Create | Villager (Male) |
| 7:09 | Build | Lumber Camp |
| 7:22 | Create | Villager (Male) |
| 7:28 | Build | House |
| 8:05 | Create | Villager (Male) |
| 8:05 | Create | Villager (Male) |
| 8:05 | Create | Villager (Male) |
| 8:06 | Create | Villager (Male) |
| 8:06 | Create | Villager (Male) |
| 8:06 | Create | Villager (Male) |
| 9:14 | Build | Mining Camp |
| 9:46 | Research | Feudal Age |
| 9:47 | Research | Feudal Age |
| 10:18 | Build | House |
| 10:18 | Build | House |
| 10:57 | Create | Villager (Male) |
| 11:26 | Build | Mill |
| 11:58 | Age | Feudal Age |
| 12:06 | Build | Palisade Wall |
| 12:16 | Create | Villager (Male) |
| 12:27 | Build | Market |
| 12:31 | Build | Blacksmith |
| 12:49 | Research | Loom |
| 12:49 | Research | Loom |
| 12:57 | Create | Villager (Male) |
| 13:14 | Build | Palisade Wall |
| 13:18 | Build | Mining Camp |
| 13:30 | Create | Villager (Male) |
| 13:41 | Research | Castle Age |
| 13:41 | Research | Castle Age |
| 14:09 | Create | Villager (Male) |
| 14:28 | Build | Outpost |
| 15:41 | Build | House |
| 15:43 | Build | House |
| 15:44 | Build | House |
| 15:50 | Build | Palisade Wall |
| 16:08 | Build | Farm |
| 16:08 | Build | Farm |
| 16:09 | Build | Farm |
| 16:09 | Build | Farm |
| 16:09 | Build | Farm |
| 16:09 | Build | Farm |
| 16:10 | Build | Farm |
| 16:33 | Build | Farm |
| 16:44 | Age | Castle Age |
| 16:51 | Build | Monastery |
| 17:09 | Build | House |
| 17:15 | Build | House |
| 17:19 | Build | Palisade Wall |
| 17:25 | Build | Palisade Wall |
| 17:27 | Create | Villager (Male) |
| 17:47 | Create | Monk |
| 18:00 | Build | University |
| 18:13 | Create | Villager (Male) |
| 18:38 | Research | Imperial Age |
| 18:38 | Research | Imperial Age |
| 18:56 | Build | Farm |
| 19:18 | Build | House |
| 19:24 | Research | Double-Bit Axe |
| 19:25 | Research | Double-Bit Axe |
| 20:04 | Build | Castle |
| 20:27 | Research | Bow Saw |
| 20:27 | Research | Bow Saw |
| 20:44 | Create | Villager (Male) |
| 20:50 | Build | Siege Workshop |
| 21:16 | Research | Horse Collar |
| 21:27 | Build | Castle |
| 21:42 | Research | Fletching |
| 21:42 | Research | Fletching |
| 21:48 | Age | Imperial Age |
| 22:10 | Research | Town Watch |
| 22:11 | Research | Town Watch |
| 22:11 | Research | Town Watch |
| 22:15 | Create | Bombard Cannon |
| 22:15 | Create | Bombard Cannon |
| 22:49 | Build | Mining Camp |
| 22:52 | Create | Janissary |
| 22:52 | Create | Janissary |
| 22:52 | Create | Janissary |
| 23:32 | Create | Janissary |
| 23:34 | Create | Villager (Male) |
| 23:34 | Create | Villager (Male) |
| 23:45 | Create | Bombard Cannon |
| 23:59 | Create | Janissary |
| 23:59 | Create | Janissary |
| 24:18 | Create | Janissary |
| 24:28 | Create | Villager (Male) |
| 25:04 | Create | Janissary |
| 25:04 | Create | Janissary |
| 25:09 | Create | Janissary |
| 25:19 | Create | Janissary |
| 25:34 | Build | Farm |
| 25:39 | Research | Devotion |
| 25:58 | Create | Janissary |
| 25:59 | Create | Janissary |
| 26:28 | Create | Bombard Cannon |
| 26:47 | Create | Villager (Male) |
| 26:47 | Create | Villager (Male) |
| 26:57 | Build | Lumber Camp |
| 27:15 | Create | Bombard Cannon |
| 27:38 | Create | Villager (Male) |
| 27:41 | Build | Farm |
| 27:54 | Create | Janissary |
| 27:54 | Create | Janissary |
| 27:58 | Build | Farm |
| 28:04 | Create | Villager (Male) |
| 28:21 | Build | Castle |
| 28:36 | Create | Janissary |
| 28:36 | Create | Janissary |
| 28:39 | Build | Farm |
| 28:58 | Create | Villager (Male) |
| 29:10 | Create | Janissary |
| 29:11 | Create | Janissary |
| 29:20 | Build | Castle |
| 29:35 | Build | Castle |
| 29:47 | Create | Janissary |
| 29:47 | Create | Janissary |
| 29:53 | Build | Farm |
| 30:09 | Create | Villager (Male) |
| 30:09 | Create | Villager (Male) |
| 30:39 | Build | Mining Camp |
| 30:59 | Research | Padded Archer Armor |
| 31:09 | Create | Janissary |
| 31:10 | Create | Janissary |
| 31:10 | Create | Janissary |
| 31:41 | Create | Janissary |
Build order — Kou_Bs
First 150 of 612 actions detected
| 0:01 | Create | Villager (Male) |
| 0:01 | Create | Villager (Male) |
| 0:03 | Build | House |
| 0:04 | Build | House |
| 0:10 | Create | Villager (Male) |
| 0:11 | Create | Villager (Male) |
| 0:11 | Create | Villager (Male) |
| 1:34 | Create | Villager (Male) |
| 1:34 | Create | Villager (Male) |
| 1:45 | Build | Lumber Camp |
| 2:11 | Create | Villager (Male) |
| 2:11 | Create | Villager (Male) |
| 2:28 | Create | Villager (Male) |
| 2:28 | Create | Villager (Male) |
| 3:01 | Create | Villager (Male) |
| 3:15 | Create | Villager (Male) |
| 3:15 | Create | Villager (Male) |
| 3:48 | Create | Villager (Male) |
| 3:48 | Create | Villager (Male) |
| 3:54 | Build | House |
| 3:55 | Build | House |
| 3:56 | Build | House |
| 4:13 | Build | House |
| 4:14 | Build | House |
| 4:27 | Create | Villager (Male) |
| 4:27 | Create | Villager (Male) |
| 4:55 | Create | Villager (Male) |
| 4:56 | Create | Villager (Male) |
| 5:32 | Build | Mill |
| 5:40 | Create | Villager (Male) |
| 5:40 | Create | Villager (Male) |
| 5:47 | Create | Villager (Male) |
| 5:47 | Create | Villager (Male) |
| 6:01 | Create | Villager (Male) |
| 6:02 | Create | Villager (Male) |
| 7:13 | Create | Villager (Male) |
| 7:26 | Create | Villager (Male) |
| 7:34 | Build | Farm |
| 7:45 | Create | Villager (Male) |
| 7:45 | Create | Villager (Male) |
| 8:30 | Create | Villager (Male) |
| 8:31 | Create | Villager (Male) |
| 9:20 | Build | Mining Camp |
| 9:31 | Research | Feudal Age |
| 10:05 | Build | Farm |
| 10:28 | Build | Farm |
| 10:36 | Build | Farm |
| 11:52 | Create | Villager (Male) |
| 11:52 | Create | Villager (Male) |
| 12:05 | Age | Feudal Age |
| 12:08 | Build | Market |
| 12:10 | Build | Blacksmith |
| 12:56 | Research | Castle Age |
| 12:56 | Research | Castle Age |
| 12:58 | Research | Double-Bit Axe |
| 13:08 | Build | Farm |
| 13:08 | Build | Farm |
| 13:15 | Build | Farm |
| 13:18 | Build | Farm |
| 13:22 | Research | Horse Collar |
| 14:20 | Build | Dock |
| 14:56 | Build | Dock |
| 15:12 | Create | Fishing Ship |
| 15:29 | Create | Villager (Male) |
| 15:29 | Create | Villager (Male) |
| 15:36 | Age | Castle Age |
| 15:42 | Build | Town Center |
| 15:47 | Build | House |
| 15:51 | Research | Wheelbarrow |
| 16:16 | Create | Villager (Male) |
| 16:17 | Create | Villager (Male) |
| 16:22 | Build | Town Center |
| 16:29 | Create | Villager (Male) |
| 16:40 | Research | Bow Saw |
| 16:47 | Create | Fishing Ship |
| 16:56 | Create | Villager (Male) |
| 17:15 | Create | Villager (Male) |
| 17:15 | Create | Villager (Male) |
| 17:21 | Create | Fishing Ship |
| 17:21 | Create | Fishing Ship |
| 17:37 | Create | Fishing Ship |
| 17:39 | Create | Villager (Male) |
| 18:08 | Create | Villager (Male) |
| 18:08 | Create | Villager (Male) |
| 18:10 | Create | Villager (Male) |
| 18:13 | Research | Tech 906 |
| 18:15 | Create | Fishing Ship |
| 18:22 | Create | Villager (Male) |
| 18:22 | Create | Villager (Male) |
| 18:41 | Create | Villager (Male) |
| 18:41 | Create | Villager (Male) |
| 18:50 | Build | Farm |
| 18:52 | Build | Farm |
| 18:54 | Build | Farm |
| 18:55 | Build | Farm |
| 19:03 | Build | House |
| 19:07 | Build | House |
| 19:12 | Research | Loom |
| 19:13 | Research | Gillnets |
| 19:15 | Create | Fishing Ship |
| 19:16 | Create | Fishing Ship |
| 19:18 | Create | Villager (Male) |
| 19:18 | Create | Villager (Male) |
| 19:29 | Create | Villager (Male) |
| 19:29 | Create | Villager (Male) |
| 19:41 | Create | Villager (Male) |
| 19:42 | Create | Villager (Male) |
| 19:42 | Create | Villager (Male) |
| 19:48 | Build | House |
| 19:51 | Build | House |
| 19:55 | Build | House |
| 19:55 | Build | House |
| 19:56 | Build | House |
| 20:01 | Build | Farm |
| 20:01 | Create | Fishing Ship |
| 20:02 | Create | Fishing Ship |
| 20:02 | Create | Fishing Ship |
| 20:05 | Build | Farm |
| 20:09 | Build | Farm |
| 20:12 | Create | Villager (Male) |
| 20:12 | Create | Villager (Male) |
| 20:24 | Build | Farm |
| 20:29 | Create | Villager (Male) |
| 20:30 | Create | Villager (Male) |
| 20:38 | Build | Fish Trap |
| 20:44 | Build | Fish Trap |
| 20:46 | Create | Villager (Male) |
| 20:46 | Create | Villager (Male) |
| 21:02 | Create | Villager (Male) |
| 21:02 | Create | Villager (Male) |
| 21:28 | Build | Town Center |
| 21:30 | Create | Villager (Male) |
| 21:31 | Create | Villager (Male) |
| 21:31 | Create | Villager (Male) |
| 21:31 | Create | Villager (Male) |
| 21:31 | Create | Villager (Male) |
| 21:38 | Research | Heavy Plow |
| 21:45 | Research | Gold Mining |
| 21:57 | Build | Fish Trap |
| 21:58 | Create | Villager (Male) |
| 21:59 | Create | Villager (Male) |
| 21:59 | Create | Villager (Male) |
| 22:05 | Build | House |
| 22:06 | Build | House |
| 22:14 | Build | Fish Trap |
| 22:25 | Build | Fish Trap |
| 22:36 | Build | Fish Trap |
| 22:38 | Create | Villager (Male) |
| 22:38 | Create | Villager (Male) |
| 22:39 | Create | Villager (Male) |
Build order — pokka86
First 150 of 417 actions detected
| 0:01 | Create | Villager (Male) |
| 0:01 | Create | Villager (Male) |
| 0:01 | Create | Villager (Male) |
| 0:01 | Create | Villager (Male) |
| 0:03 | Build | House |
| 0:04 | Build | House |
| 0:20 | Research | Loom |
| 0:21 | Create | Villager (Male) |
| 0:21 | Create | Villager (Male) |
| 0:21 | Create | Villager (Male) |
| 1:44 | Create | Villager (Male) |
| 1:45 | Create | Villager (Male) |
| 2:05 | Build | Palisade Wall |
| 2:59 | Build | Palisade Wall |
| 3:12 | Create | Villager (Male) |
| 3:12 | Create | Villager (Male) |
| 3:12 | Create | Villager (Male) |
| 4:23 | Build | Palisade Wall |
| 4:27 | Build | Palisade Wall |
| 4:30 | Create | Villager (Male) |
| 4:30 | Create | Villager (Male) |
| 4:37 | Build | Palisade Wall |
| 5:15 | Create | Villager (Male) |
| 5:51 | Create | Villager (Male) |
| 6:39 | Build | Palisade Wall |
| 7:09 | Build | Lumber Camp |
| 7:14 | Create | Villager (Male) |
| 7:14 | Create | Villager (Male) |
| 7:43 | Create | Villager (Male) |
| 7:53 | Build | House |
| 8:04 | Create | Villager (Male) |
| 8:30 | Create | Villager (Male) |
| 8:31 | Create | Villager (Male) |
| 8:32 | Create | Villager (Male) |
| 8:48 | Create | Villager (Male) |
| 8:48 | Create | Villager (Male) |
| 9:23 | Create | Villager (Male) |
| 9:33 | Create | Villager (Male) |
| 9:47 | Create | Villager (Male) |
| 10:00 | Build | Mill |
| 10:43 | Build | House |
| 11:02 | Create | Villager (Male) |
| 11:02 | Create | Villager (Male) |
| 11:03 | Create | Villager (Male) |
| 11:36 | Build | Mill |
| 11:45 | Create | Villager (Male) |
| 11:57 | Create | Villager (Male) |
| 11:57 | Create | Villager (Male) |
| 11:57 | Create | Villager (Male) |
| 12:12 | Build | House |
| 13:05 | Build | Lumber Camp |
| 13:51 | Build | Mining Camp |
| 14:03 | Research | Feudal Age |
| 14:32 | Create | Villager (Male) |
| 14:32 | Create | Villager (Male) |
| 16:13 | Age | Feudal Age |
| 16:15 | Build | Market |
| 16:19 | Build | Blacksmith |
| 16:30 | Build | House |
| 16:31 | Build | Palisade Wall |
| 16:41 | Build | Mining Camp |
| 17:28 | Research | Castle Age |
| 17:33 | Build | House |
| 17:36 | Build | Palisade Wall |
| 18:00 | Build | Stone Wall |
| 18:11 | Build | Stone Wall |
| 18:20 | Research | Double-Bit Axe |
| 18:20 | Research | Horse Collar |
| 19:32 | Build | Farm |
| 19:33 | Build | Farm |
| 19:33 | Build | Farm |
| 19:33 | Build | Farm |
| 19:42 | Create | Villager (Male) |
| 20:06 | Build | Stone Wall |
| 20:08 | Age | Castle Age |
| 20:11 | Research | Stone Mining |
| 20:24 | Build | Stone Wall |
| 20:49 | Create | Villager (Male) |
| 20:49 | Create | Villager (Male) |
| 20:51 | Research | Bow Saw |
| 21:00 | Build | Siege Workshop |
| 21:05 | Create | Villager (Male) |
| 21:27 | Build | Lumber Camp |
| 21:46 | Create | Villager (Male) |
| 22:10 | Create | Villager (Male) |
| 22:12 | Create | Villager (Male) |
| 22:12 | Create | Villager (Male) |
| 22:16 | Create | Mangonel |
| 22:36 | Create | Villager (Male) |
| 23:08 | Build | Castle |
| 23:35 | Build | Town Center |
| 23:45 | Create | Villager (Male) |
| 23:51 | Build | Farm |
| 24:01 | Research | Heavy Plow |
| 24:02 | Research | Heavy Plow |
| 24:19 | Build | Farm |
| 24:25 | Build | Farm |
| 24:35 | Create | Villager (Male) |
| 24:38 | Build | Farm |
| 24:43 | Build | Farm |
| 25:05 | Create | Villager (Male) |
| 25:16 | Create | Villager (Male) |
| 25:17 | Create | Villager (Male) |
| 25:33 | Build | Farm |
| 25:33 | Build | Farm |
| 25:33 | Build | Farm |
| 25:34 | Build | Farm |
| 25:39 | Build | Farm |
| 25:40 | Create | Villager (Male) |
| 25:40 | Create | Villager (Male) |
| 25:50 | Create | Villager (Male) |
| 25:50 | Create | Villager (Male) |
| 25:59 | Create | Villager (Male) |
| 26:09 | Build | University |
| 26:11 | Create | Villager (Male) |
| 26:11 | Create | Villager (Male) |
| 26:24 | Create | Villager (Male) |
| 26:35 | Create | Villager (Male) |
| 26:35 | Create | Villager (Male) |
| 26:37 | Build | Farm |
| 26:45 | Create | Villager (Male) |
| 26:57 | Build | Town Center |
| 26:59 | Create | Villager (Male) |
| 27:24 | Create | Villager (Male) |
| 27:37 | Build | House |
| 27:38 | Build | House |
| 27:39 | Build | House |
| 27:40 | Build | House |
| 27:40 | Build | House |
| 27:42 | Create | Villager (Male) |
| 27:45 | Research | Wheelbarrow |
| 27:52 | Create | Villager (Male) |
| 28:06 | Create | Villager (Male) |
| 28:30 | Build | Farm |
| 28:30 | Build | Farm |
| 28:30 | Build | Farm |
| 28:30 | Build | Farm |
| 28:31 | Build | Farm |
| 28:32 | Create | Villager (Male) |
| 28:33 | Create | Villager (Male) |
| 28:49 | Build | Stone Wall |
| 29:01 | Research | Fortified Wall (upgrade) |
| 29:01 | Research | Fortified Wall (upgrade) |
| 29:15 | Create | Villager (Male) |
| 29:20 | Create | Villager (Male) |
| 29:35 | Build | Lumber Camp |
| 29:41 | Build | Mill |
| 29:42 | Build | Farm |
| 29:42 | Build | Farm |
| 29:42 | Build | Farm |
Build order — boris8298
First 150 of 620 actions detected
| 0:02 | Create | Villager (Male) |
| 0:02 | Create | Villager (Male) |
| 0:02 | Create | Villager (Male) |
| 0:03 | Build | House |
| 0:05 | Build | House |
| 0:23 | Create | Villager (Male) |
| 0:23 | Create | Villager (Male) |
| 0:35 | Research | Loom |
| 0:51 | Create | Villager (Male) |
| 0:51 | Create | Villager (Male) |
| 0:52 | Create | Villager (Male) |
| 2:09 | Create | Villager (Male) |
| 2:30 | Create | Villager (Male) |
| 2:30 | Create | Villager (Male) |
| 2:37 | Build | Palisade Wall |
| 3:10 | Create | Villager (Male) |
| 3:10 | Create | Villager (Male) |
| 3:36 | Build | Palisade Wall |
| 3:55 | Create | Villager (Male) |
| 3:55 | Create | Villager (Male) |
| 4:19 | Create | Villager (Male) |
| 4:19 | Create | Villager (Male) |
| 4:27 | Build | Lumber Camp |
| 4:45 | Create | Villager (Male) |
| 4:46 | Create | Villager (Male) |
| 5:11 | Create | Villager (Male) |
| 5:11 | Create | Villager (Male) |
| 5:37 | Create | Villager (Male) |
| 5:37 | Create | Villager (Male) |
| 5:45 | Build | House |
| 6:05 | Create | Villager (Male) |
| 6:05 | Create | Villager (Male) |
| 6:17 | Create | Villager (Male) |
| 6:18 | Create | Villager (Male) |
| 6:44 | Create | Villager (Male) |
| 7:05 | Build | Mill |
| 7:20 | Create | Villager (Male) |
| 7:31 | Build | House |
| 7:48 | Create | Villager (Male) |
| 7:48 | Create | Villager (Male) |
| 7:48 | Create | Villager (Male) |
| 8:58 | Create | Villager (Male) |
| 9:28 | Research | Feudal Age |
| 10:06 | Build | House |
| 10:25 | Build | House |
| 11:03 | Build | Dock |
| 11:17 | Build | Mill |
| 11:38 | Age | Feudal Age |
| 11:40 | Build | Stone Wall |
| 11:43 | Research | Double-Bit Axe |
| 11:44 | Create | Villager (Male) |
| 11:50 | Build | Stone Wall |
| 12:06 | Create | Villager (Male) |
| 12:14 | Build | House |
| 12:16 | Build | House |
| 12:22 | Create | Villager (Male) |
| 12:39 | Research | Wheelbarrow |
| 12:59 | Create | Villager (Male) |
| 13:26 | Build | Mining Camp |
| 13:37 | Create | Fishing Ship |
| 13:44 | Build | House |
| 13:57 | Build | House |
| 14:17 | Create | Fishing Ship |
| 14:17 | Create | Fishing Ship |
| 14:18 | Create | Villager (Male) |
| 14:27 | Build | Outpost |
| 14:39 | Create | Villager (Male) |
| 14:43 | Build | Market |
| 15:05 | Create | Villager (Male) |
| 15:15 | Build | Blacksmith |
| 15:31 | Create | Villager (Male) |
| 15:32 | Create | Demolition Raft |
| 15:36 | Create | Fishing Ship |
| 16:13 | Research | Castle Age |
| 16:13 | Research | Castle Age |
| 16:27 | Build | Lumber Camp |
| 17:30 | Build | Lumber Camp |
| 17:35 | Research | Horse Collar |
| 17:52 | Build | House |
| 17:52 | Build | House |
| 17:58 | Build | Farm |
| 18:02 | Build | Farm |
| 18:05 | Build | Farm |
| 18:42 | Build | House |
| 18:53 | Age | Castle Age |
| 18:56 | Build | Siege Workshop |
| 18:57 | Create | Villager (Male) |
| 18:59 | Research | Bow Saw |
| 19:08 | Create | Villager (Male) |
| 19:24 | Build | Town Center |
| 19:31 | Build | House |
| 19:35 | Create | Villager (Male) |
| 19:46 | Create | Mangonel |
| 19:52 | Create | Villager (Male) |
| 20:25 | Build | Town Center |
| 20:31 | Create | Villager (Male) |
| 20:36 | Create | Villager (Male) |
| 20:37 | Create | Villager (Male) |
| 20:45 | Build | Fish Trap |
| 20:49 | Create | Fishing Ship |
| 21:02 | Create | Villager (Male) |
| 21:06 | Build | Farm |
| 21:08 | Build | Farm |
| 21:14 | Build | Fish Trap |
| 21:19 | Create | Villager (Male) |
| 21:22 | Create | Villager (Male) |
| 21:29 | Create | Villager (Male) |
| 21:31 | Create | Villager (Male) |
| 21:37 | Build | Fish Trap |
| 21:45 | Build | Monastery |
| 21:48 | Build | Lumber Camp |
| 21:54 | Create | Villager (Male) |
| 21:54 | Create | Villager (Male) |
| 21:54 | Create | Villager (Male) |
| 21:56 | Create | Villager (Male) |
| 22:12 | Build | University |
| 22:38 | Create | Monk |
| 22:44 | Create | Villager (Male) |
| 22:44 | Create | Villager (Male) |
| 22:44 | Create | Villager (Male) |
| 22:45 | Create | Villager (Male) |
| 22:49 | Build | Farm |
| 22:50 | Build | Farm |
| 22:50 | Build | Farm |
| 22:50 | Build | Farm |
| 22:50 | Build | Farm |
| 22:59 | Build | Stone Wall |
| 23:06 | Create | Villager (Male) |
| 23:06 | Create | Villager (Male) |
| 23:42 | Create | Monk |
| 23:43 | Create | Villager (Male) |
| 23:43 | Create | Villager (Male) |
| 23:44 | Create | Villager (Male) |
| 23:44 | Create | Villager (Male) |
| 23:44 | Create | Villager (Male) |
| 23:57 | Build | Monastery |
| 24:05 | Research | Fortified Wall (upgrade) |
| 24:06 | Research | Fortified Wall (upgrade) |
| 24:19 | Create | Villager (Male) |
| 24:19 | Create | Villager (Male) |
| 24:19 | Create | Villager (Male) |
| 24:19 | Create | Villager (Male) |
| 24:22 | Build | Watch Tower |
| 24:29 | Build | Stone Wall |
| 24:34 | Build | Stone Wall |
| 24:37 | Create | Villager (Male) |
| 24:37 | Create | Villager (Male) |
| 24:52 | Create | Monk |
| 24:52 | Create | Monk |
| 24:53 | Create | Villager (Male) |
Match timeline
| 0:36 | Sein · wall_segment Palisade Wall x10 |
| 0:57 | Sein · wall_segment Palisade Wall x7 |
| 1:06 | Get Sum · wall_segment Palisade Wall x11 |
| 1:30 | SKYRIM · wall_segment Palisade Wall x1 |
| 2:05 | pokka86 · wall_segment Palisade Wall x8 |
| 2:09 | Get Sum · wall_segment Palisade Wall x1 |
| 2:37 | boris8298 · wall_segment Palisade Wall x9 |
| 2:59 | pokka86 · wall_segment Palisade Wall x1 |
| 3:25 | Get Sum · wall_segment Palisade Wall x8 |
| 3:36 | boris8298 · wall_segment Palisade Wall x9 |
| 3:58 | Sein · wall_segment Palisade Wall x1 |
| 4:00 | Sein · wall_segment Palisade Wall x1 |
| 4:23 | pokka86 · wall_segment Palisade Wall x7 |
| 4:27 | pokka86 · wall_segment Palisade Wall x11 |
| 4:37 | pokka86 · wall_segment Palisade Wall x10 |
| 4:54 | Laljia · first_building Dock |
| 5:34 | SKYRIM · first_building Dock |
| 6:39 | pokka86 · wall_segment Palisade Wall x9 |
| 8:09 | Sein · wall_segment Palisade Wall x6 |
| 8:11 | Sein · wall_segment Palisade Wall x5 |
| 8:24 | Get Sum · wall_segment Palisade Wall x1 |
| 8:26 | Get Sum · wall_segment Palisade Wall x1 |
| 8:38 | Get Sum · wall_segment Palisade Wall x1 |
| 8:40 | Get Sum · wall_segment Palisade Wall x1 |
| 8:42 | Get Sum · wall_segment Palisade Wall x1 |
| 9:58 | Get Sum · first_building Dock |
| 10:12 | Sein · first_building Dock |
| 11:03 | boris8298 · first_building Dock |
| 11:38 | boris8298 · age_up feudal |
| 11:40 | boris8298 · wall_segment Stone Wall x2 |
| 11:44 | Get Sum · wall_segment Palisade Wall x1 |
| 11:50 | boris8298 · wall_segment Stone Wall x7 |
| 11:58 | Allison · age_up feudal |
| 11:58 | Sein · wall_segment Palisade Wall x1 |
| 12:05 | Kou_Bs · age_up feudal |
| 12:06 | Allison · wall_segment Palisade Wall x10 |
| 12:19 | SKYRIM · age_up feudal |
| 12:22 | Get Sum · wall_segment Palisade Wall x1 |
| 12:57 | Laljia · age_up feudal |
| 13:14 | Allison · wall_segment Palisade Wall x15 |
| 13:31 | Sein · age_up feudal |
| 13:31 | Sein · wall_segment Palisade Wall x1 |
| 14:20 | Kou_Bs · first_building Dock |
| 14:44 | Get Sum · wall_segment Palisade Wall x1 |
| 14:47 | Get Sum · wall_segment Palisade Wall x7 |
| 14:53 | Get Sum · age_up feudal |
| 15:36 | Kou_Bs · age_up castle |
| 15:50 | Allison · wall_segment Palisade Wall x12 |
| 15:55 | SKYRIM · age_up castle |
| 16:08 | boris8298 · first_market_sell 100 wood |
| 16:13 | pokka86 · age_up feudal |
| 16:17 | Sein · wall_segment Stone Wall x15 |
| 16:31 | pokka86 · wall_segment Palisade Wall x1 |
| 16:34 | Kou_Bs · first_market_sell 100 food |
| 16:35 | Kou_Bs · first_market_buy 100 wood |
| 16:44 | Allison · age_up castle |
| 16:51 | Allison · first_building Monastery |
| 17:19 | Allison · wall_segment Palisade Wall x1 |
| 17:25 | Allison · wall_segment Palisade Wall x1 |
| 17:27 | pokka86 · first_market_sell 100 food |
| 17:33 | Get Sum · wall_segment Palisade Wall x1 |
| 17:35 | Get Sum · wall_segment Palisade Wall x1 |
| 17:36 | pokka86 · wall_segment Palisade Wall x1 |
| 17:36 | Get Sum · wall_segment Palisade Wall x1 |
| 18:00 | pokka86 · wall_segment Stone Wall x14 |
| 18:11 | pokka86 · wall_segment Stone Wall x10 |
| 18:34 | Get Sum · age_up castle |
| 18:53 | boris8298 · age_up castle |
| 18:56 | boris8298 · first_building Siege Workshop |
| 19:04 | Get Sum · first_market_sell 100 food |
| 19:05 | Get Sum · first_market_buy 100 stone |
| 19:24 | Laljia · age_up castle |
| 19:41 | Sein · age_up castle |
| 19:44 | boris8298 · first_market_buy 100 wood |
| 19:46 | Sein · first_building Castle |
| 20:04 | Allison · first_building Castle |
| 20:06 | pokka86 · wall_segment Stone Wall x9 |
| 20:08 | pokka86 · age_up castle |
| 20:18 | Sein · first_market_buy 100 wood |
| 20:24 | pokka86 · wall_segment Stone Wall x12 |
| 20:50 | Allison · first_building Siege Workshop |
| 21:00 | pokka86 · first_building Siege Workshop |
| 21:30 | SKYRIM · first_building Monastery |
| 21:45 | boris8298 · first_building Monastery |
| 21:48 | Allison · age_up imperial |
| 22:59 | boris8298 · wall_segment Stone Wall x11 |
| 23:08 | pokka86 · first_building Castle |
| 23:32 | pokka86 · first_market_buy 100 stone |
| 24:22 | Sein · first_building Monastery |
| 24:28 | Kou_Bs · first_building Siege Workshop |
| 24:28 | Allison · first_market_buy 100 food |
| 24:29 | boris8298 · wall_segment Stone Wall x4 |
| 24:32 | SKYRIM · first_building Barracks |
| 24:34 | boris8298 · wall_segment Stone Wall x1 |
| 24:47 | SKYRIM · first_building Castle |
| 25:09 | boris8298 · wall_segment Stone Wall x6 |
| 25:13 | boris8298 · wall_segment Stone Wall x4 |
| 25:14 | boris8298 · wall_segment Stone Wall x2 |
| 25:36 | boris8298 · wall_segment Stone Wall x1 |
| 25:46 | Kou_Bs · first_building Castle |
| 25:58 | Laljia · first_building Monastery |
| 26:04 | boris8298 · wall_segment Stone Wall x3 |
| 26:11 | boris8298 · wall_segment Stone Wall x4 |
| 26:15 | Sein · first_building Siege Workshop |
| 26:16 | boris8298 · wall_segment Stone Wall x11 |
| 26:49 | Kou_Bs · first_building Barracks |
| 27:07 | SKYRIM · first_building Stable |
| 27:15 | Kou_Bs · first_building Stable |
| 27:42 | Laljia · first_building Castle |
| 27:44 | Sein · wall_segment Stone Wall x7 |
| 27:56 | Sein · wall_segment Stone Wall x6 |
| 28:36 | Laljia · first_building Barracks |
| 28:49 | pokka86 · wall_segment Stone Wall x19 |
| 28:57 | Laljia · first_building Stable |
| 28:59 | Laljia · first_building Archery Range |
| 29:28 | boris8298 · wall_segment Stone Wall x1 |
| 29:33 | SKYRIM · age_up imperial |
| 29:34 | Laljia · first_market_sell 500 wood |
| 29:36 | Laljia · first_market_buy 100 stone |
| 29:37 | boris8298 · wall_segment Stone Wall x1 |
| 29:38 | Get Sum · first_building Castle |
| 29:56 | Sein · first_market_sell 100 wood |
| 29:58 | Kou_Bs · age_up imperial |
| 30:29 | Get Sum · wall_segment Stone Wall x12 |
| 30:33 | Get Sum · wall_segment Stone Wall x10 |
| 30:35 | Get Sum · wall_segment Stone Wall x12 |
| 30:37 | Sein · first_building Barracks |
| 31:21 | SKYRIM · wall_segment Stone Wall x11 |
| 31:30 | Get Sum · first_building Barracks |
| 31:37 | SKYRIM · first_market_sell 100 wood |
| 31:38 | SKYRIM · first_market_buy 100 food |
| 31:47 | Laljia · age_up imperial |
| 31:47 | SKYRIM · first_building Siege Workshop |
| 32:08 | pokka86 · wall_segment Stone Wall x12 |
| 32:13 | pokka86 · first_building Barracks |
| 32:16 | Get Sum · first_building Stable |
| 32:24 | Get Sum · first_building Archery Range |
| 33:11 | Sein · first_building Archery Range |
| 33:13 | Sein · age_up imperial |
| 34:12 | Get Sum · age_up imperial |
| 36:02 | pokka86 · wall_segment Stone Wall x6 |
| 36:28 | pokka86 · wall_segment Stone Wall x1 |
| 36:32 | pokka86 · wall_segment Stone Wall x8 |
| 36:40 | pokka86 · age_up imperial |
| 37:35 | Laljia · first_building Siege Workshop |
| 38:06 | boris8298 · first_building Barracks |
| 38:44 | boris8298 · first_building Archery Range |
| 39:31 | boris8298 · age_up imperial |
| 40:13 | Get Sum · wall_segment Stone Wall x3 |
| 40:15 | Get Sum · wall_segment Stone Wall x1 |
| 40:58 | boris8298 · first_building Castle |
| 41:07 | Get Sum · wall_segment Stone Wall x1 |
| 41:09 | Get Sum · wall_segment Stone Wall x1 |
| 42:05 | SKYRIM · tribute_sent a jugador 1 |
| 42:05 | SKYRIM · tribute_sent a jugador 2 |
| 42:05 | SKYRIM · tribute_sent a jugador 3 |
| 42:05 | SKYRIM · tribute_sent a jugador 5 |
| 42:05 | SKYRIM · tribute_sent a jugador 6 |
| 42:05 | SKYRIM · tribute_sent a jugador 7 |
| 42:05 | SKYRIM · tribute_sent a jugador 8 |
| 44:00 | Kou_Bs · wall_segment Stone Wall x1 |
| 44:03 | Kou_Bs · wall_segment Stone Wall x2 |
| 44:19 | Kou_Bs · wall_segment Stone Wall x1 |
| 44:28 | pokka86 · first_building Stable |
| 44:50 | Get Sum · wall_segment Stone Wall x1 |
| 44:52 | Get Sum · wall_segment Stone Wall x10 |
| 45:04 | Laljia · tribute_sent a jugador 2 |
| 45:04 | Laljia · tribute_sent a jugador 3 |
| 45:04 | Laljia · tribute_sent a jugador 4 |
| 45:04 | Laljia · tribute_sent a jugador 5 |
| 45:04 | Laljia · tribute_sent a jugador 6 |
| 45:04 | Laljia · tribute_sent a jugador 7 |
| 45:04 | Laljia · tribute_sent a jugador 8 |
| 45:25 | Kou_Bs · wall_segment Stone Wall x3 |
| 46:04 | Kou_Bs · wall_segment Stone Wall x2 |
| 46:19 | Sein · tribute_sent a jugador 1 |
| 46:19 | Sein · tribute_sent a jugador 3 |
| 46:19 | Sein · tribute_sent a jugador 4 |
| 46:19 | Sein · tribute_sent a jugador 5 |
| 46:19 | Sein · tribute_sent a jugador 6 |
| 46:19 | Sein · tribute_sent a jugador 7 |
| 46:19 | Sein · tribute_sent a jugador 8 |
| 46:44 | boris8298 · wall_segment Stone Wall x3 |
| 46:47 | boris8298 · wall_segment Stone Wall x2 |
| 47:16 | boris8298 · wall_segment Stone Wall x1 |
| 47:58 | Sein · first_building Stable |
| 48:09 | Allison · first_building Barracks |
| 50:24 | Kou_Bs · resign |
[ AI ANALYSIS · 1 CREDIT ]
What really happened in this match?
Wolo.gg analyzes every decision: build order, eco, micro, common mistakes by bracket. Personalized analysis on WhatsApp or Discord in 30 seconds.
Civ guide
Vietnamese
Perfil
Jugador #356513